 Dungeon Crawl Stone Soup version 0.17-a0-1596-g1e86911 (webtiles) character file.

11054 urechis the Grappler (level 11, -2/115 HPs)
             Began as a Troll Monk on July 30, 2015.
             Slain by Frances
             ... wielding a +0 halberd
              (29 damage)
             ... on level 12 of the Dungeon.
             The game lasted 00:23:59 (10570 turns).

urechis the Grappler (Troll Monk)                  Turns: 10570, Time: 00:23:59

Health: -2/115     AC:  6    Str: 22    XL:     11   Next: 44%
Magic:  10/10      EV: 16    Int:  9    God:
Gold:   657        SH:  0    Dex: 19    Spells: 0 memorised, 10 levels left

rFire  + . .     SeeInvis .       - Unarmed
rCold  x . .     Clarity  .     F - +1 robe "Ymuor" {Int+3}
rNeg   . . .     SustAt   .     (no shield)
rPois  .         Gourm    +     (helmet restricted)
rElec  .         Spirit   .     (no cloak)
rCorr  .         Warding  .     (gloves unavailable)
rMut   .         Stasis   .     (boots unavailable)
MR     .....                    (no amulet)
Stlth  +++.......               (no ring)
                                x - ring of fire

@: agile, not resistant to hostile enchantments, fairly stealthy
A: unfitting armour, claws 3, fast metabolism 3, gourmand, regeneration 2,
shaggy fur 1, tough skin 2
a: no special abilities


You were on level 12 of the Dungeon.
You were very full.

You visited 1 branch of the dungeon, and saw 12 of its levels.

You collected 657 gold pieces.

Inventory:

Missiles
 a - 5 large rocks (quivered)
Armour
 F - the +1 robe "Ymuor" (worn) {Int+3}
   (You found it on level 6 of the Dungeon)

   It affects your intelligence (+3).
Jewellery
 x - a ring of fire (left claw)
Magical devices
 s - a wand of polymorph (13)
 B - a wand of digging (12)
 D - a wand of confusion (11)
 H - a wand of frost (20)
 K - a wand of digging (16)
 L - a wand of random effects (28)
 M - a wand of draining (12)
 N - a wand of cold (6)
 O - a wand of slowing (13)
 Q - a wand of fire (6)
 R - a wand of fire (7)
Scrolls
 e - 2 scrolls of enchant armour
 f - 3 scrolls of amnesia
 g - 6 scrolls of remove curse
 h - 7 scrolls of teleportation
 j - a scroll of immolation
 m - a scroll of magic mapping
 n - 2 scrolls of recharging
 r - 3 scrolls of fear
 y - 2 scrolls of enchant weapon
Potions
 d - 6 potions of curing
 k - 3 potions of brilliance
 q - 2 potions of degeneration {unknown}
 t - 3 potions of cancellation
 v - a potion of might {unknown}
 z - 2 potions of ambrosia {unknown}
 A - a potion of lignification {unknown}
 E - a potion of agility
 G - a potion of haste {unknown}
 J - a potion of resistance {unknown}
Books
 w - a book of Clouds

   Spells                             Type                      Level
   a - Mephitic Cloud                 Conjuration/Poison/Air       3
   b - Conjure Flame                  Conjuration/Fire             3
   c - Poisonous Cloud                Conjuration/Poison/Air       6
   d - Freezing Cloud                 Conjuration/Ice/Air          6
   e - Ring of Flames                 Charms/Fire                  7
 C - a book of Cantrips

   Spells                             Type                      Level
   a - Corona                         Hexes                        1
   b - Animate Skeleton               Necromancy                   1
   c - Summon Small Mammal            Summoning                    1
   d - Apportation                    Translocation                1
 I - a book of Air

   Spells                             Type                      Level
   a - Shock                          Conjuration/Air              1
   b - Swiftness                      Charms/Air                   2
   c - Repel Missiles                 Charms/Air                   2
   d - Static Discharge               Conjuration/Air              3
   e - Lightning Bolt                 Conjuration/Air              5
Comestibles
 b - 8 bread rations
 c - 11 beef jerkies
 o - 2 slices of pizza
 p - 6 fruits
 u - 4 meat rations
 P - a royal jelly


   Skills:
 + Level 9.3 Fighting
 - Level 2.4 Dodging
 - Level 1.1 Stealth
 * Level 14.6 Unarmed Combat


You had 10 spell levels left.
You didn't know any spells.

Dungeon Overview and Level Annotations

Branches:
Dungeon (12/15)            Temple (0/1) D:5            Lair (0/8) D:8
    Orc (0/4) D:9

Altars:
Ashenzari
Dithmenos
Elyvilon
Gozag
Kikubaaqudgha
Makhleb
Nemelex Xobeh
Trog
Vehumet
Zin
The Shining One
Beogh

Shops:
D:6 [

Annotations:
D:12 Frances


Innate Abilities, Weirdness & Mutations

You are too large for most types of armour.
You have claws for hands.
Your metabolism is lightning-fast.
You like to eat raw meat.
You heal very quickly.
You are covered in fur (AC +1).
You have very tough skin (AC +2).


Message History

The adder misses you. The adder barely misses you.
You mangle Frances!! You claw Frances.
Frances is heavily wounded.
Frances chants phrases taken from a devil's mouth.
Frances seems to speed up.
The adder misses you.
The orc wizard shouts!
You mangle Frances!!
Frances is severely wounded.
Frances hits you with a halberd!
* * * LOW HITPOINT WARNING * * *
The adder bites you but does no damage.
You mangle Frances!!
Frances is almost dead.
You hear a shout!
Frances hits you but does no damage. The adder misses you.
An orc comes into view. It is wielding a flail.
You barely miss Frances.
Frances is almost dead.
Frances hits you with a halberd!!
You die...

#...........'.....
#......#...........#.....
.#......#...........#.....
.'......+...........# ....
.. #......##...###..### ....
...#.......###+###..####'#..
..#.......#...#.........#..
..'o.....@#...#.........#..
#..oo..S@...'.....<...#..
#......o#...#.........'..
#.......#...#.........#..
#.......#...#.........#..
.o.@.......#...#.........#..
..?#.......#'####.####)###..
.. #.....###.# #.####.####+
+.....# ..# ........'....
#.....# ..# ........#....


You could see Frances, an orc wizard, an adder and 3 orcs.

Vanquished Creatures
  A hill giant (D:11)
  A manticore (D:11)
  A cyclops (D:10)
  A centaur zombie (D:10)
  A komodo dragon (D:11)
  A two-headed ogre (D:10)
  3 trolls
  3 slime creatures (D:12)
  A wyvern (D:9)
  10 yaks
  2 deep elf magi
  A hungry ghost (D:11)
  3 hippogriffs
  A water moccasin (D:5)
  4 ice beasts
  Duvessa (D:6)
  6 orc warriors
  A black bear (D:6)
  4 ogres
  3 phantoms
  7 centaurs
  5 sky beasts
  An eye of draining (D:8)
  A crocodile (D:10)
  7 giant frogs
  2 big kobolds
  Dowan (D:6)
  A scorpion (D:9)
  A wyvern skeleton (D:12)
  5 wights (D:9)
  3 killer bees
  A crimson imp (D:11)
  A giant frog zombie (D:6)
  A quasit (D:8)
  5 jellies
  4 orc priests
  Jessica (D:2)
  5 hounds
  A gnoll shaman (D:7)
  9 orc wizards
  Natasha (thrice) (D:4)
  5 iguanas
  5 worker ants
  A killer bee zombie (D:9)
  2 hound skeletons
  A worker ant zombie (D:8)
  13 gnolls
  11 adders
  A river rat (D:8)
  4 shadow imps
  An ooze (D:1)
  An adder zombie (D:7)
  2 worms (D:2)
  5 giant geckos
  25 orcs
  2 ball pythons (D:1)
  2 bat zombies (D:3)
  5 hobgoblins (D:1)
  9 jackals
  13 kobolds
  3 quokkas
  9 bats
  3 giant cockroaches
  A giant gecko skeleton (D:4)
  3 giant newts
  5 goblins
  A jackal zombie (D:5)
  10 rats
  A rat zombie (D:3)
258 creatures vanquished.

Vanquished Creatures (others)
  A jackal (D:7)
  A fungus (D:8)
2 creatures vanquished.

Grand Total: 260 creatures vanquished

Notes
Turn   | Place    | Note
--------------------------------------------------------------
     0 | D:1      | urechis the Troll Monk began the quest for the Orb.
     0 | D:1      | Reached XP level 1. HP: 22/22 MP: 0/0
    71 | D:1      | Reached XP level 2. HP: 29/29 MP: 1/1
   325 | D:1      | Reached XP level 3. HP: 36/36 MP: 2/2
   762 | D:2      | Reached skill level 5 in Unarmed Combat
   823 | D:2      | Noticed Jessica
   830 | D:2      | Killed Jessica
   830 | D:2      | Reached XP level 4. HP: 29/45 MP: 3/3
   882 | D:2      | Found a burning altar of Makhleb.
   886 | D:2      | Found a glowing silver altar of Zin.
   886 | D:2      | Noticed an angel
   887 | D:2      | Noticed an Executioner
  1421 | D:3      | Found a glowing golden altar of the Shining One.
  1852 | D:3      | Found an ancient bone altar of Kikubaaqudgha.
  2258 | D:4      | Reached XP level 5. HP: 53/53 MP: 4/4
  2262 | D:4      | Noticed a phantom
  2283 | D:4      | Killed a phantom
  2283 | D:4      | Reached skill level 6 in Unarmed Combat
  2468 | D:4      | Noticed an ogre
  2479 | D:4      | Killed an ogre
  2479 | D:4      | Reached XP level 6. HP: 44/62 MP: 5/5
  2577 | D:4      | Found an opulent altar of Gozag.
  2681 | D:4      | Noticed Natasha
  2690 | D:4      | Killed Natasha
  2866 | D:4      | Noticed Natasha
  2872 | D:4      | Killed Natasha
  2895 | D:4      | Noticed Natasha
  2899 | D:4      | Killed Natasha
  2971 | D:5      | Entered Level 5 of the Dungeon
  2979 | D:5      | Reached skill level 7 in Unarmed Combat
  2980 | D:5      | Reached XP level 7. HP: 48/71 MP: 6/6
  3095 | D:5      | Found a staircase to the Ecumenical Temple.
  3197 | D:5      | Found a bloodstained altar of Trog.
  3488 | D:5      | Reached skill level 8 in Unarmed Combat
  3590 | D:5      | Reached skill level 5 in Fighting
  3617 | D:5      | Noticed a water moccasin
  3622 | D:5      | Killed a water moccasin
  3622 | D:5      | Reached XP level 8. HP: 52/80 MP: 7/7
  3781 | D:6      | Reached skill level 9 in Unarmed Combat
  3888 | D:6      | Noticed Duvessa
  3891 | D:6      | Noticed Dowan
  3913 | D:6      | Killed Duvessa
  3915 | D:6      | Killed Dowan
  4083 | D:6      | Found Omuuqusis's Armour Boutique.
  4128 | D:6      | Got a slimy robe
  4142 | D:6      | Identified the +1 robe "Ymuor" {Int+3} (You found it on level 6 of the Dungeon)
  4296 | D:6      | Reached skill level 10 in Unarmed Combat
  4628 | D:7      | Found a radiant altar of Vehumet.
  4636 | D:7      | Reached XP level 9. HP: 75/89 MP: 8/8
  5236 | D:7      | Found a white marble altar of Elyvilon.
  5641 | D:8      | Found a white marble altar of Elyvilon.
  5722 | D:8      | Reached skill level 11 in Unarmed Combat
  6084 | D:8      | Found a shattered altar of Ashenzari.
  6153 | D:8      | Reached skill level 12 in Unarmed Combat
  6374 | D:8      | Found a staircase to the Lair.
  6468 | D:8      | Reached XP level 10. HP: 102/102 MP: 9/9
  6479 | D:8      | Found a shadowy altar of Dithmenos.
  6535 | D:8      | You fall through a shaft!
  6885 | D:9      | Found a sparkling altar of Nemelex Xobeh.
  6886 | D:9      | Found an opulent altar of Gozag.
  7272 | D:9      | Found a staircase to the Orcish Mines.
  7280 | D:9      | Found a roughly hewn altar of Beogh.
  7294 | D:9      | Reached skill level 13 in Unarmed Combat
  7460 | D:10     | Entered Level 10 of the Dungeon
  7462 | D:10     | Found a bloodstained altar of Trog.
  8129 | D:10     | Noticed a cyclops
  8156 | D:10     | Killed a cyclops
  8403 | D:10     | Reached XP level 11. HP: 85/113 MP: 10/10
  8771 | D:11     | Reached skill level 14 in Unarmed Combat
  9590 | D:11     | Noticed a hill giant
  9598 | D:11     | Killed a hill giant
 10195 | D:12     | Noticed Frances
 10570 | D:12     | Slain by Frances

Vault maps used:
D:1:      sevenhm_arrival_forest_fort_small_3, hangedman_abyss_or_decor_stabs
D:2:      grunt_temple_overflow_order_and_chaos_2, first_bread,
          kennysheep_generic_room_8, uniq_jessica
D:3:      lemuel_zombie_altar_kikubaaqudgha, nicolae_overflow_crystal_walls,
          st_stairs_8
D:4:      grunt_gozag_breadcrumbs, uniq_natasha
D:5:      kennysheep_little_box, minmay_temple_entry_glass
D:6:      serial_shops, shop_statue, minivault_11, uniq_duvessa
D:7:      elyvilon_altar_4, fiery_altar_vehumet
D:8:      boulder_corridor_run, cheibrodos_ashenzari_chains,
          grunt_dithmenos_smoke, amethyst_overflow_temple_binary,
          due_lair_maze_entry_diamond, basic_altar
D:9:      grunt_temple_overflow_opulence, minmay_orc_entry_temple_small
D:10:     grunt_ogre_cave, bloody_trog
D:11:     kennysheep_generic_room_2
D:12:     uniq_nessos, uniq_frances

Action                   |  1- 3 |  4- 6 |  7- 9 | 10-12 || total
-------------------------+-------+-------+-------+-------++-------
Melee: Unarmed           |    87 |   106 |   283 |   342 ||   818
Throw: Large rock        |       |       |       |     1 ||     1
  Use: Scroll            |       |       |       |    19 ||    19
       Potion            |       |       |       |     3 ||     3
 Stab: Sleeping          |     1 |       |     6 |     3 ||    10
  Eat: Chunk             |    12 |    11 |    39 |    38 ||   100
